 Dungeon Crawl Stone Soup version 0.21.1-1-g345015fe64 (webtiles) character file.

123 LevaFresel the Vandal (level 5, 0/35 HPs)
             Began as a Halfling Hunter on June 3, 2018.
             Slain by an adder (2 damage)
             ... on level 3 of the Dungeon.
             The game lasted 00:08:59 (1685 turns).

LevaFresel the Vandal (Halfling Hunter)             Turns: 1685, Time: 00:08:59

Health: 0/35       AC:  3    Str: 14    XL:     5   Next: 29%
Magic:  5/5        EV: 15    Int:  9    God:
Gold:   135        SH:  0    Dex: 15    Spells: 4/4 levels left

rFire    . . .     SeeInvis .   b - +0 short sword
rCold    . . .     Gourm    .   (shield restricted)
rNeg     . . .     Faith    .   c - +0 leather armour
rPois    .         Spirit   .   (no helmet)
rElec    .         Reflect  .   (no cloak)
rCorr    .         Harm     .   (no gloves)
MR       .....                  (no boots)
Stlth    ++........             (no amulet)
HPRegen  0.11/turn              (no ring)
MPRegen  0.09/turn              (no ring)

@: lethally poisoned (0 -> -6)
A: small, mutation resistance 1
a: no special abilities


You were on level 3 of the Dungeon.
You were not hungry.

You visited 1 branch of the dungeon, and saw 3 of its levels.

You collected 135 gold pieces.

Inventory:

Hand Weapons
 a - a +1 hunting sling
 b - a +0 short sword (weapon)
Missiles
 d - 31 sling bullets (quivered)
 e - 31 stones
Armour
 c - a +0 leather armour (worn)
Jewellery
 k - an uncursed ring of flight {unknown}
Scrolls
 h - a scroll of remove curse {unknown}
 i - 2 scrolls of magic mapping {unknown}
 j - a scroll of immolation {unknown}
Books
 g - a book of Misfortune

   Spells                             Type                      Level
   a - Confusing Touch                Hexes                        1
   b - Confuse                        Hexes                        3
   c - Gell's Gravitas                Translocation                3
   d - Petrify                        Transmutation/Earth          4
   e - Metabolic Englaciation         Hexes/Ice                    5
   f - Yara's Violent Unravelling     Hexes/Transmutation          5
Comestibles
 f - 8 rations


   Skills:
 + Level 2.5 Fighting
 + Level 2.1 Short Blades
 * Level 6.8 Slings
 + Level 3.1 Dodging
 + Level 2.4 Stealth


You had 4 spell levels left.
You didn't know any spells.

Dungeon Overview and Level Annotations

Branches:
Dungeon (3/15)

Altars:


Innate Abilities, Weirdness & Mutations

You are small and have problems with some larger weapons.
You are somewhat resistant to further mutation.


Message History

Aim: an adder You toss away a sling bullet.
The sling bullet closely misses the adder.
* * * LOW HITPOINT WARNING * * *
You feel sick. The adder misses you. The adder closely misses you.
Tossing away (i - inventory. (,) - cycle):
d - 32 sling bullets (quivered)
Press: ? - help, Shift-Dir - straight line, f/p - adder
Aim: an adder You toss away a sling bullet.
The sling bullet barely misses the adder.
* * * LOW HITPOINT WARNING * * *
You feel sick. The adder closely misses you.
a - a +1 hunting sling (weapon)
The adder bites you but does no damage.
Really attack while wielding your +1 hunting sling?
Okay, then.
b - a +0 short sword (weapon)
* * * LOW HITPOINT WARNING * * *
You feel sick. The adder bites you.
You die...

#...# ...
#((.# .
#...#
#(..#####
#.......#
##......#
#...)..#
#S.....#
#@.....#
########


You could see an adder.

Vanquished Creatures
  4 gnolls (D:2)
  2 adders (D:2)
  An ooze (D:1)
  3 dart slugs (D:1)
  A leopard gecko (D:2)
  A ball python (D:2)
  7 bats
  A giant cockroach (D:2)
  11 goblins
  10 hobgoblins
  2 jackals (D:1)
  3 frilled lizards (D:1)
  3 kobolds
  5 rats (D:1)
54 creatures vanquished.

Notes
Turn   | Place    | Note
-------+----------+-------------------------------------------
     0 | D:1      | LevaFresel the Halfling Hunter began the quest for the Orb.
     0 | D:1      | Reached XP level 1. HP: 14/14 MP: 1/1
    91 | D:2      | Reached skill level 6 in Slings
    91 | D:2      | Reached XP level 2. HP: 11/19 MP: 2/2
   263 | D:2      | Reached skill level 1 in Short Blades
   312 | D:1      | Reached XP level 3. HP: 24/24 MP: 3/3
   723 | D:1      | Reached XP level 4. HP: 25/29 MP: 4/4
  1287 | D:2      | Reached XP level 5. HP: 35/35 MP: 5/5
  1685 | D:3      | Slain by an adder

Skill      XL: |  1  2  3  4 |
---------------+-------------+-----
Fighting       | 2 |  2.5
Slings         | 6 |  6.8
Short Blades   | 1 2 |  2.1
Stealth        | 2 |  2.4
Dodging        | 3 |  3.1

Action                   |  1- 3 |  4- 6 || total
-------------------------+-------+-------++-------
Melee: Short sword       |     9 |    23 ||    32
 Fire: Hunting sling     |    89 |    68 ||   157
Throw: Stone             |       |    10 ||    10
  Use: Scroll            |       |     1 ||     1
  Eat: Ration            |       |     1 ||     1
Armor: Leather armour    |    19 |     2 ||    21
Dodge: Dodged            |    55 |    40 ||    95
